 Dungeon Crawl Stone Soup version 0.20.0-7-g3b7b877 (webtiles) character file.

175 McKennaii the Sneak (level 5, -1/35 HPs)
             Began as an Octopode Assassin on May 28, 2017.
             Slain by a bullfrog (2 damage)
             ... on level 4 of the Dungeon.
             The game lasted 00:02:44 (2649 turns).

McKennaii the Sneak (Octopode Assassin)             Turns: 2649, Time: 00:02:45

Health: -1/35      AC:  1    Str: 10    XL:     5   Next: 55%
Magic:  5/5        EV: 13    Int: 13    God:
Gold:   185        SH:  0    Dex: 15    Spells: 4/4 levels left

rFire    . . .     SeeInvis .   a - +2 dagger
rCold    . . .     Gourm    .   (no shield)
rNeg     . . .     Faith    .   (helmet restricted)
rPois    .         Spirit   .   m - amulet of rage
rElec    .         Reflect  .   u - ring of protection from magic
rCorr    .         Harm     .   (no ring)
MR       +....                  (no ring)
Stlth    +++++.....             (no ring)
Regen    0.2/turn               (no ring)
MPRegen  0.1/turn               (no ring)
                                (no ring)
                                (no ring)

@: no status effects
A: almost no armour, stealthy swim, amphibious, 8 rings, constrict 8, camouflage
1, gelatinous body 1
a: Evoke Berserk Rage


You were on level 4 of the Dungeon.
You were hungry.

You visited 1 branch of the dungeon, and saw 4 of its levels.

You collected 185 gold pieces.

Inventory:

Hand Weapons
 a - a +2 dagger (weapon)
 b - a +0 blowgun
Missiles
 c - 19 poisoned needles (quivered)
 d - 2 curare-tipped needles
Jewellery
 m - an amulet of rage (around mantle)
 u - a ring of protection from magic (left tentacle)
Scrolls
 e - a scroll of noise {unknown}
 g - a scroll of teleportation {unknown}
 h - a scroll of immolation {unknown}
 n - a scroll of recharging {unknown}
 q - 4 scrolls of identify {unknown}
 t - a scroll of enchant weapon {unknown}
 v - 2 scrolls of remove curse {unknown}
Potions
 j - a potion of magic {unknown}
 l - a potion of brilliance {unknown}
 o - a potion of mutation {unknown}
 p - 2 potions of flight {unknown}
 r - a potion of might {unknown}
 w - 2 potions of degeneration {unknown}
 z - 2 potions of curing {unknown}
Comestibles
 f - 5 bread rations
 i - 2 royal jellies
 k - a meat ration
 s - 2 fruits


   Skills:
 + Level 2.4 Fighting
 + Level 3.1 Short Blades
 + Level 2.1 Throwing
 + Level 1.9 Dodging
 + Level 7.8 Stealth


You had 4 spell levels left.
You didn't know any spells.

Dungeon Overview and Level Annotations

Branches:
Dungeon (4/15)
 Temple: D:4-7

Altars:

Annotations:
D:4 Sigmund


Innate Abilities, Weirdness & Mutations

You cannot wear most types of armour.
You are very stealthy in the water. (Stealth+)
You are amphibious.
You can wear up to eight rings at the same time.
You can use your tentacles to constrict eight enemies at once.
Your skin changes colour to match your surroundings (Stealth+).
Your rubbery body absorbs attacks. (AC +1, EV +1)


Message History

The leopard gecko skeleton is severely damaged.
The bullfrog snags a nearby mosquito with its tongue.
The leopard gecko skeleton bites you but does no damage.
The bullfrog barely misses you.
You hit the leopard gecko skeleton.
You destroy the leopard gecko skeleton!
The bullfrog hits you.
* * * LOW HITPOINT WARNING * * *
The leopard gecko closely misses you.
You hit the bullfrog. Your grab misses the bullfrog.
The bullfrog is moderately wounded.
The bullfrog hits you.
* * * LOW HITPOINT WARNING * * *
The leopard gecko bites you.
* * * LOW HITPOINT WARNING * * *
You barely miss the bullfrog. You grab the bullfrog. You squeeze the bullfrog!
The bullfrog is severely wounded.
You constrict the bullfrog. The bullfrog closely misses you.
The leopard gecko barely misses you. The bullfrog hits you.
You die...

.. #.....#
......##.###
#..... #...#
#.....####.#
#..........#
#.....##..##
#..... #..#
#F.# #@.#
#l.# #..#
.... #.##.
#.. .. ###
##


You could see a bullfrog and a leopard gecko.

Vanquished Creatures
  A hound (D:4)
  Natasha (D:4)
  A worker ant (D:4)
  3 adders
  An ooze (D:3)
  A worm (D:2)
  2 dart slugs
  A leopard gecko (D:1)
  An orc (D:3)
  A ball python (D:2)
  6 bats
  4 giant cockroaches
  4 goblins
  5 hobgoblins
  9 jackals
  5 kobolds
  2 quokkas
  3 frilled lizards
  A leopard gecko skeleton (D:4)
  6 rats
58 creatures vanquished.

Notes
Turn   | Place    | Note
-------+----------+-------------------------------------------
     0 | D:1      | McKennaii the Octopode Assassin began the quest for the Orb.
     0 | D:1      | Reached XP level 1. HP: 14/14 MP: 1/1
    46 | D:1      | Reached XP level 2. HP: 13/19 MP: 2/2
   154 | D:1      | Reached skill level 6 in Stealth
   694 | D:2      | Reached XP level 3. HP: 24/24 MP: 3/3
   739 | D:2      | Found a faded altar of an unknown god.
  1383 | D:3      | Reached skill level 7 in Stealth
  1463 | D:3      | Reached XP level 4. HP: 29/29 MP: 4/4
  2410 | D:4      | Reached XP level 5. HP: 34/34 MP: 5/5
  2455 | D:4      | Noticed a phantom
  2578 | D:4      | Noticed Sigmund
  2578 | D:4      | Noticed an orc warrior
  2636 | D:4      | Noticed Natasha
  2645 | D:4      | Killed Natasha
  2648 | D:4      | HP: 1/35 [leopard gecko (2)]
  2649 | D:4      | Slain by a bullfrog

Skill      XL: |  1  2  3  4  5 |
---------------+----------------+-----
Stealth        | 6 7 |  7.8
Short Blades   | 3 |  3.1
Fighting       | |  2.4
Throwing       | |  2.1
Dodging        | |  1.9

Action                   |  1- 3 |  4- 6 || total
-------------------------+-------+-------++-------
Melee: Dagger            |    54 |    52 ||   106
       Constrict         |     9 |    14 ||    23
       Tentacles         |     6 |    12 ||    18
 Stab: Sleeping          |    19 |     4 ||    23
  Eat: Chunk             |     2 |     1 ||     3
       Fruit             |       |     2 ||     2
Armor: Skin              |     1 |     6 ||     7
Dodge: Dodged            |    17 |    40 ||    57
